 Dungeon Crawl Stone Soup version 0.20-a0-45-gb3e417c (webtiles) character file.

67358 Cheibrodos the Severer (level 14, 0/110 HPs)
             Began as a Mummy Fighter on Nov 12, 2016.
             Was a High Priest of Cheibriados.
             Slain by a five-headed hydra simulacrum (4 damage)
             ... animated by a necromancer
             ... on level 13 of the Dungeon.
             The game lasted 01:00:19 (23008 turns).

Cheibrodos the Severer (Mummy Fighter)             Turns: 23008, Time: 01:00:20

Health: 0/110      AC: 20    Str: 40    XL:     14   Next: 82%
Magic:  29/29      EV: 13    Int: 21    God:    Cheibriados [*****.]
Gold:   1308       SH: 12    Dex: 29    Spells: 0 memorised, 13 levels left

rFire  . . .     SeeInvis +     a - +3 broad axe (drain)
rCold  . . .     Gourm    .     C - +0 plate armour "Ene Wiaze" {Regen+ MP+9 SInv Stlth-}
rNeg   + + +     Faith    .     c - +0 shield
rPois  ∞         Spirit   .     t - +2 helmet
rElec  .         Reflect  .     l - +2 cloak
rCorr  .         Harm     .     (no gloves)
MR     +....                    (no boots)
Stlth  ..........               g - amulet of regeneration
                                F - ring of fire
                                S - +5 ring of strength

@: very slow
A: no food or potions, fire vulnerability, cold resistance 1, negative energy
resistance 3, torment resistance, unbreathing, in touch with death 1
a: Bend Time, Temporal Distortion, Slouch, Step From Time, Renounce Religion


You were on level 13 of the Dungeon.
You worshipped Cheibriados.
Cheibriados was extremely pleased with you.
You were not hungry.

You visited 2 branches of the dungeon, and saw 19 of its levels.
You also visited: Sewer.

You collected 1308 gold pieces.


Innate Abilities, Weirdness & Mutations

You do not eat or drink.
Your flesh is vulnerable to fire.
You are immune to poison.
Your flesh is cold resistant. (rC+)
You are immune to negative energy. (rN+++)
You are immune to unholy pain and torment.
You can survive without breathing.
You are in touch with the powers of death.


   Skills:
 - Level 10.0 Fighting
 + Level 15.5 Axes
 + Level 8.7 Armour
 + Level 7.2 Dodging
 - Level 2.4 Shields
 - Level 8.5 Invocations
 + Level 2.5 Evocations


You had 13 spell levels left.
You didn't know any spells.

Inventory:

Hand Weapons
 a - a +3 broad axe of draining (weapon)
 s - a +0 war axe
 u - a +0 whip of electrocution
 x - a +0 battleaxe
 J - the +6 halberd of Compulsion {chop, *Noise rF+ Str+7 Dex-2}
   (You found it on level 6 of the Lair of Beasts)

   It inflicts extra damage upon your enemies.
   It affects your strength (+7).
   It affects your dexterity (-2).
   It protects you from fire.
   It may make noises in combat.
 K - a +2 scimitar of flaming
Missiles
 j - 27 tomahawks (quivered)
 q - 4 throwing nets
Armour
 c - a +0 shield (worn)
 l - a +2 cloak (worn)
 n - a +0 plate armour
 t - a +2 helmet (worn)
 C - the +0 plate armour "Ene Wiaze" (worn) {Regen+ MP+9 SInv Stlth-}
   (You found it on level 4 of the Lair of Beasts)

   It affects your magic capacity (+9).
   It lets you see invisible.
   It increases your rate of regeneration.
   It makes you less stealthy.
Jewellery
 g - an amulet of regeneration (around neck)
 w - an uncursed ring of magical power
 F - a ring of fire (right hand)
 S - a +5 ring of strength (left hand)
 W - an uncursed ring of magical power
Wands
 b - a wand of digging (8/24)
 f - a wand of polymorph (8/24)
 h - a wand of iceblast (0/15)
 z - a wand of paralysis (5/24)
 B - a wand of slowing (19/48)
 E - a wand of lightning (1/15)
 I - a wand of iceblast (0/15)
Scrolls
 d - 8 scrolls of remove curse {@r2}
 e - 4 scrolls of noise {!r}
 i - 4 scrolls of amnesia
 m - a scroll of enchant armour
 o - a scroll of enchant weapon
 r - 2 scrolls of vulnerability {!r}
 v - 3 scrolls of magic mapping
 y - 3 scrolls of fog
 D - a scroll of immolation {!r}
 H - a scroll of silence
 L - a scroll of teleportation {@r4}
 M - a scroll of acquirement {unknown}
Books
 k - a book of Cantrips

   Spells                             Type                      Level
   a - Confusing Touch                Hexes                        1
   b - Animate Skeleton               Necromancy                   1
   c - Summon Small Mammal            Summoning                    1
   d - Apportation                    Translocation                1
 p - a book of Misfortune

   Spells                             Type                      Level
   a - Confusing Touch                Hexes                        1
   b - Confuse                        Hexes                        3
   c - Gell's Gravitas                Hexes/Translocation          3
   d - Petrify                        Transmutation/Earth          4
   e - Metabolic Englaciation         Hexes/Ice                    5
   f - Yara's Violent Unravelling     Hexes/Transmutation          5
Miscellaneous
 A - a lamp of fire
 G - a phial of floods

#..# #.....# #..#
#..# #.....# #..#
#..# #.....# #..#
#..# #.....# #..#
#..# #.....###..#
#..####..........#
#................#
#................#
#..###..........@#
#..# #.........pZ#
#..# #...........#
#..# #...........#
#..# #...........#
#..# #...........#
...# #.....H.....#
...# #...........#
#..#


You could see a manticore, a necromancer and a five-headed hydra simulacrum.


Message History

The six-headed hydra simulacrum freezes you!
You block the six-headed hydra simulacrum's attack.
The six-headed hydra simulacrum bites you but does no damage.
The six-headed hydra simulacrum bites you.
The six-headed hydra simulacrum freezes you!!
The six-headed hydra simulacrum barely misses you.
Unknown command.
You lop one of the six-headed hydra simulacrum's heads off!
You slice the five-headed hydra simulacrum!!
The five-headed hydra simulacrum is heavily damaged.
The five-headed hydra simulacrum bites you but does no damage.
The five-headed hydra simulacrum closely misses you.
You block the five-headed hydra simulacrum's attack.
The five-headed hydra simulacrum misses you.
The five-headed hydra simulacrum bites you.
The five-headed hydra simulacrum freezes you!!!
* * * LOW HITPOINT WARNING * * *
The necromancer gestures wildly while chanting.
The necromancer binds the souls of nearby monsters.
A manticore comes into view.
Okay, then.
Unknown command.
Use which ability? (? or * to list)
Okay, then.
Unknown command.
Use which ability? (? or * to list)
You fail to use your ability.
You block the five-headed hydra simulacrum's attack. x2
The five-headed hydra simulacrum bites you.
You die...

Action                   |  1- 3 |  4- 6 |  7- 9 | 10-12 | 13-15 || total
-------------------------+-------+-------+-------+-------+-------++-------
Melee: War axe           |   134 |   163 |   163 |       |       ||   460
       Broad axe         |       |       |   265 |   790 |   677 ||  1732
       Whip              |       |       |       |     2 |    97 ||    99
Throw: Tomahawk          |       |       |     3 |    16 |     2 ||    21
Invok: Bend Time         |       |     3 |    11 |    20 |     4 ||    38
       Slouch            |       |       |       |     8 |     6 ||    14
       Temporal Distorti |       |       |       |     1 |       ||     1
Evoke: Wand              |       |       |       |    16 |    33 ||    49
       Lamp of fire      |       |       |       |       |     1 ||     1
  Use: Scroll            |       |    12 |     3 |    26 |    12 ||    53
 Stab: Paralysed         |       |       |       |     4 |       ||     4
Armor: Scale mail        |    56 |    67 |    53 |       |       ||   176
       Plate armour      |       |       |   133 |   429 |   524 ||  1086
Dodge: Dodged            |    41 |    56 |    84 |   162 |   362 ||   705
Block: Shield            |    65 |    80 |   194 |   465 |   566 ||  1370

Vault maps used:
D:1:      eino_arrival_cavern_d
D:2:      lemuel_doored_altar, uniq_sigmund
D:3:      gammafunk_temple_overflow_forgotten, first_bread, cheibrodos_gnoll_hut
D:4:      serial_glass, glass_columns_b, glass_columns_c,
          uniq_crazy_yiuf_cottage, uniq_blork_the_orc, uniq_pikel
D:5:      portal_sewer_entry_f, serial_shops, shop, grunt_ministairs_4,
          kennysheep_generic_room_2
D:6:      uniq_grinder
D:7:      kennysheep_big_flooded_room, grunt_ogre_cave
D:8:      grunt_temple_overflow_forces_of_nature, grunt_temple_overflow_open,
          erik_lair_orcish_takeover, serial_shops, shop_fountains
D:9:      serial_shops, nicolae_shop_window_shopping
D:10:     kennysheep_potato
D:11:     basic_altar, uniq_grum
D:12:     hiddenorc2_lemuel, patterned_corridor, uniq_azrael
D:13:     david_vaults_4, minmay_evil_grid, uniq_urug
Lair:2:   infiniplex_staircase_pool_2, serial_bayou_shore_a
Lair:3:   cheibrodos_lair_lostbears, minmay_swamp_entry_worms,
          minmay_stone_trees_large, uniq_snorg
Lair:4:   nicolae_spider_entry_orb_guardian
Lair:5:   slime_dummy
Lair:6:   gammafunk_lair_ancient_temple, serial_bayou_pond_a,
          serial_bayou_pond_b
Sewer:    sewer_co_tree

Notes
Turn   | Place    | Note
-------+----------+-------------------------------------------
     0 | D:1      | Cheibrodos the Mummy Fighter began the quest for the Orb.
     0 | D:1      | Reached XP level 1. HP: 18/18 MP: 1/1
   145 | D:1      | Reached skill level 2 in Axes
   215 | D:1      | Reached XP level 2. HP: 23/24 MP: 2/2
   525 | D:2      | Found a sacrificial altar of Ru.
   714 | D:2      | Noticed Sigmund
   874 | D:2      | Reached XP level 3. HP: 27/29 MP: 3/3
   952 | D:2      | Reached skill level 3 in Axes
  1451 | D:3      | Found a snail-covered altar of Cheibriados.
  1451 | D:3      | Found a glowing golden altar of the Shining One.
  1455 | D:3      | Found a shattered altar of Ashenzari.
  1470 | D:3      | Became a worshipper of Cheibriados the Contemplative
  1692 | D:3      | Reached XP level 4. HP: 35/35 MP: 4/4
  2354 | D:3      | Reached skill level 4 in Axes
  2497 | D:4      | Reached * piety under Cheibriados
  2561 | D:4      | Reached XP level 5. HP: 41/41 MP: 5/5
  2591 | D:4      | Reached skill level 1 in Invocations
  2795 | D:4      | Noticed Blork the orc
  3036 | D:4      | Reached XP level 6. HP: 47/47 MP: 7/7
  3083 | D:4      | Reached skill level 5 in Axes
  3083 | D:4      | Reached skill level 2 in Invocations
  3126 | D:5      | Entered Level 5 of the Dungeon
  3171 | D:5      | Found Hoischok's Distillery.
  3458 | D:5      | Found a glowing drain.
  3473 | Sewer    | Entered a sewer
  3544 | Sewer    | Reached XP level 7. HP: 42/52 MP: 9/9
  3748 | Sewer    | Reached ** piety under Cheibriados
  3844 | Sewer    | Reached skill level 6 in Axes
  3844 | Sewer    | Reached skill level 3 in Invocations
  4252 | D:5      | Reached XP level 8. HP: 45/58 MP: 10/10
  4414 | D:5      | Found a staircase to the Ecumenical Temple.
  4506 | D:5      | Reached skill level 4 in Invocations
  4783 | D:6      | Reached skill level 7 in Axes
  5121 | D:5      | Reached *** piety under Cheibriados
  5125 | D:5      | Reached skill level 8 in Axes
  5415 | D:6      | Noticed Grinder
  5437 | D:6      | Killed Grinder
  5437 | D:6      | Reached skill level 9 in Axes
  5447 | D:6      | Reached skill level 3 in Armour
  5447 | D:6      | Reached XP level 9. HP: 47/63 MP: 12/12
  6090 | D:6      | Reached skill level 4 in Armour
  6335 | D:6      | Reached skill level 10 in Axes
  7152 | D:7      | Reached skill level 5 in Armour
  7408 | D:8      | Reached XP level 10. HP: 64/70 MP: 13/13
  7478 | D:8      | Found a hide-covered altar of Uskayaw.
  7480 | D:8      | Found a basalt altar of Yredelemnul.
  7687 | D:7      | Reached **** piety under Cheibriados
  7783 | D:8      | Found a white marble altar of Elyvilon.
  7786 | D:8      | Found an ancient bone altar of Kikubaaqudgha.
  7786 | D:8      | Found a hazy altar of Hepliaklqana.
  7970 | D:8      | Reached skill level 11 in Axes
  8164 | D:8      | Reached ***** piety under Cheibriados
  8167 | D:8      | Found Ozu Jeicatz's Antique Weapon Shoppe.
  8178 | D:8      | Found a staircase to the Lair.
  8333 | D:8      | Found a stormy altar of Qazlal.
  8344 | D:8      | Found a blossoming altar of Fedhas.
  8506 | D:9      | Reached skill level 6 in Armour
  9120 | D:4      | Killed Blork the orc
  9148 | D:4      | Noticed Pikel
  9152 | D:4      | Killed Pikel
  9152 | D:4      | Reached skill level 12 in Axes
  9333 | D:4      | Found a runed door.
  9337 | D:4      | Noticed Crazy Yiuf
  9342 | D:4      | Killed Crazy Yiuf
  9683 | D:9      | Found Vetriovu's General Store.
  9789 | D:9      | Reached XP level 11. HP: 75/75 MP: 14/14
 10033 | D:10     | Entered Level 10 of the Dungeon
 10296 | D:10     | Found a roughly hewn altar of Beogh.
 10919 | D:11     | Noticed a five-headed hydra
 11020 | Lair:1   | Entered Level 1 of the Lair of Beasts
 11630 | Lair:1   | Reached skill level 4 in Fighting
 11630 | Lair:1   | Reached skill level 5 in Invocations
 12416 | Lair:2   | Noticed a seven-headed hydra
 12421 | Lair:2   | Reached skill level 5 in Fighting
 12424 | Lair:2   | Killed a seven-headed hydra
 12424 | Lair:2   | Reached skill level 13 in Axes
 12535 | Lair:2   | Reached skill level 6 in Invocations
 12539 | Lair:2   | Noticed a five-headed hydra
 13470 | Lair:2   | Reached XP level 12. HP: 40/87 MP: 16/16
 14099 | Lair:3   | Reached skill level 6 in Fighting
 14345 | Lair:3   | Reached skill level 1 in Dodging
 14555 | Lair:3   | Noticed Snorg
 14759 | Lair:3   | Noticed an eight-headed hydra
 14813 | Lair:3   | HP: 4/88 [Snorg (8)]
 14814 | Lair:3   | Killed Snorg
 15574 | Lair:3   | Reached skill level 2 in Dodging
 15574 | Lair:3   | Reached skill level 7 in Invocations
 15739 | Lair:3   | Found a staircase to the Swamp.
 16229 | Lair:3   | Reached skill level 7 in Fighting
 16430 | Lair:3   | HP: 4/91 [eight-headed hydra (6)]
 16432 | Lair:3   | Killed an eight-headed hydra
 16432 | Lair:3   | Reached skill level 3 in Dodging
 16830 | Lair:3   | Reached skill level 14 in Axes
 17434 | Lair:4   | Got a brightly glowing plate armour
 17451 | Lair:4   | Identified the +0 plate armour "Ene Wiaze" {Regen+ MP+9 SInv Stlth-} (You found it on level 4 of the Lair of Beasts)
 17712 | Lair:4   | Found a hole to the Spider Nest.
 17995 | Lair:5   | Noticed an eight-headed hydra
 18004 | Lair:5   | Killed an eight-headed hydra
 18004 | Lair:5   | Gained mutation: You are in touch with the powers of death. [Mummy growth]
 18004 | Lair:5   | Reached XP level 13. HP: 55/96 MP: 18/18
 18084 | Lair:5   | Reached skill level 4 in Dodging
 18127 | Lair:5   | Noticed FrankyJ's ghost (journeyman TrFi)
 18332 | Lair:5   | Reached skill level 8 in Invocations
 18482 | Lair:5   | Killed FrankyJ's ghost
 18634 | Lair:5   | Found a staircase to the Slime Pits.
 18644 | Lair:5   | Reached skill level 8 in Fighting
 18753 | Lair:6   | Entered Level 6 of the Lair of Beasts
 18866 | Lair:6   | Reached skill level 5 in Dodging
 19028 | Lair:6   | Noticed blexxed's ghost (journeyman CeTm)
 19039 | Lair:5   | Reached skill level 7 in Armour
 19348 | Lair:6   | Reached skill level 15 in Axes
 19353 | Lair:6   | Reached skill level 9 in Fighting
 19751 | Lair:6   | Reached XP level 14. HP: 108/108 MP: 20/20
 19887 | Lair:6   | Killed blexxed's ghost
 20087 | Lair:6   | Reached skill level 6 in Dodging
 20605 | Lair:6   | Got a faintly glowing halberd
 20624 | Lair:6   | Identified the +6 halberd of Compulsion {chop, *Noise rF+ Str+7 Dex-2} (You found it on level 6 of the Lair of Beasts)
 21098 | D:11     | Reached skill level 10 in Fighting
 21263 | D:11     | Noticed Grum
 21268 | D:11     | Killed Grum
 21331 | D:11     | Reached skill level 8 in Armour
 21373 | D:11     | Found a bloodstained altar of Trog.
 21670 | D:11     | Reached skill level 1 in Evocations
 21906 | D:12     | Noticed Azrael
 22148 | D:12     | Found a staircase to the Orcish Mines.
 22291 | D:12     | Killed Azrael
 22291 | D:12     | Reached skill level 7 in Dodging
 22538 | D:12     | Reached skill level 2 in Evocations
 22980 | D:13     | Noticed Urug
 23007 | D:13     | HP: 3/110 [five-headed hydra simulacrum[a necromancer] (38)]
 23008 | D:13     | Slain by a five-headed hydra simulacrum

Vanquished Creatures
  The ghost of blexxed the Brawler, a journeyman CeTm of Cheibriados (Lair:6)
  The ghost of FrankyJ the Nimble, a journeyman TrFi of Elyvilon (Lair:5)
  Azrael (D:12)
  Snorg (Lair:3)
  13 hydras
  A centaur warrior (D:13)
  A merfolk avatar (Lair:6)
  4 death yaks
  2 sea snakes (Lair:6)
  Pikel (D:4)
  A harpy (Lair:6)
  2 hill giants
  A cyclops (D:11)
  3 manticores (Lair:6)
  23 elephants
  5 black mambas
  A torpor snail (Lair:6)
  3 gargoyles
  A centaur skeleton (D:13)
  15 spiny frogs
  2 rime drakes
  15 komodo dragons
  2 trolls
  6 polar bears
  Grinder (D:6)
  2 slime creatures (D:7)
  A tyrant leech (Lair:3)
  2 hornets
  5 blink frogs (Lair:6)
  3 two-headed ogres
  A meliai zombie (D:12)
  12 hippogriffs
  7 dream sheep (Lair:6)
  A vampire (D:12)
  24 yaks
  A wraith (D:11)
  6 wyverns
  Grum (D:11)
  4 basilisks
  3 fire elementals
  A mottled dragon (D:9)
  2 swamp worms (Lair:3)
  3 wargs
  4 hell hounds
  15 water moccasins
  10 porcupines
  9 orc warriors
  2 sky beasts
  A black bear (Lair:1)
  3 phantoms
  2 eyes of draining
  An ice beast (D:9)
  7 ogres
  13 crocodiles
  3 wolves (D:11)
  12 centaurs
  Blork the orc (D:4)
  15 bullfrogs
  6 big kobolds
  5 scorpions
  21 killer bees
  6 wights
  4 howler monkeys
  An electric eel (Lair:2)
  A bullfrog zombie (D:5)
  14 crimson imps
  A centaur zombie (D:7)
  9 hounds
  8 orc priests
  2 jellies
  Crazy Yiuf (D:4)
  3 bullfrog skeletons
  4 iguanas
  14 orc wizards
  10 worker ants
  A killer bee zombie (D:6)
  A hound zombie (D:9)
  A hound skeleton (D:8)
  A howler monkey zombie (D:5)
  2 worker ant zombies
  19 adders
  11 gnolls
  2 shadow imps
  6 oozes
  2 adder zombies (D:6)
  8 worms
  A dart slug (D:3)
  6 leopard geckos
  75 orcs
  3 ball pythons
  7 giant cockroaches
  4 goblins
  7 hobgoblins
  2 jackals (D:3)
  3 quokkas
  A ball python skeleton (D:4)
  11 bats
  6 frilled lizards
  25 kobolds
  A leopard gecko skeleton (D:3)
  A leopard gecko zombie (D:5)
  2 quokka zombies (D:7)
  6 rats
  A bush (Lair:6)
  3 fungi (Lair:5)
  4 plants (Lair:6)
617 creatures vanquished.

Vanquished Creatures (others)
  A bullfrog (D:4)
  A bush (Lair:2)
  23 fungi
  42 plants
67 creatures vanquished.

Grand Total: 684 creatures vanquished
